 Dungeon Crawl Stone Soup version 0.22.1-6-g1668fe2c40 (webtiles) character file.

36 Fascinator the Skirmisher (level 3, -9/30 HPs)
             Began as a Formicid Fighter on Jan 27, 2019.
             Killed by divine providence
             ... invoked by an orc priest
              (12 damage)
             ... on level 2 of the Dungeon.
             The game lasted 00:02:29 (1015 turns).

Fascinator the Skirmisher (Formicid Fighter)        Turns: 1015, Time: 00:02:30

Health: -9/30      AC:  8    Str: 20    XL:     3   Next: 57%
Magic:  3/3        EV:  8    Int:  7    God:
Gold:   52         SH:  9    Dex: 11    Spells: 2/2 levels left

rFire    . . .     SeeInvis +   a - +0 war axe
rCold    . . .     Gourm    .   c - +0 shield
rNeg     . . .     Faith    .   b - +0 scale mail
rPois    .         Spirit   .   (helmet unavailable)
rElec    .         Reflect  .   (no cloak)
rCorr    .         Harm     .   (no gloves)
MR       .....                  k - +0 pair of boots
Stlth    ..........             (no amulet)
HPRegen  0.10/turn              (no ring)
MPRegen  0.08/turn              (no ring)

@: no status effects
A: permanent stasis, dig shafts and tunnels, four strong arms, antennae 3
a: Dig, Shaft Self


You were on level 2 of the Dungeon.
You were hungry.

You visited 1 branch of the dungeon, and saw 2 of its levels.

You collected 52 gold pieces.

Inventory:

Hand Weapons
 a - a +0 war axe (weapon)
Armour
 b - a +0 scale mail (worn)
 c - a +0 shield (worn)
 k - a +0 pair of boots (worn)
Scrolls
 e - 2 scrolls of identify {unknown}
 h - a scroll of teleportation {unknown}
 i - a scroll of enchant armour {unknown}
Potions
 d - a potion of might
 g - a potion of heal wounds {unknown}
 j - a potion of flight {unknown}
 l - a potion of agility {unknown}
Comestibles
 f - 2 rations


   Skills:
 * Level 4.0 Fighting
 - Level 2.0 Axes
 + Level 3.6 Armour
 + Level 0.5 Dodging
 + Level 4.0 Shields


You had 2 spell levels left.
You didn't know any spells.
Your spell library was empty.

Dungeon Overview and Level Annotations

Branches:
Dungeon (2/15)

Altars:


Innate Abilities, Weirdness & Mutations

You cannot be hasted, slowed, berserked, paralysed or teleported.
You can dig through walls and to a lower floor.
Your four strong arms can wield two-handed weapons with a shield.
You have a pair of large antennae on your head. (SInv)


Message History

Anything else - Cancel.
You shout for attention!
You hear a shout! x3
The orc shouts!
The orc priest shouts!
The orc wizard shouts!
You closely miss the orc wizard. You block the orc wizard's attack.
You hit the orc wizard.
The orc wizard is lightly wounded.
The orc wizard casts a spell at you. You resist with some effort.
The orc priest barely misses you.
The orc wizard points at you and mumbles some strange words.
The puff of flame hits you!
The orc wizard casts a spell.
The orc wizard flickers and vanishes for a moment.
The orc priest mumbles some strange prayers to Beogh against you.
Beogh smites you!
The orc priest calls down the wrath of Beogh upon you.
Pain shoots through your body!
* * * LOW HITPOINT WARNING * * *
The orc priest calls down the wrath of Beogh upon you.
Beogh smites you!
You die...

#. ###
####.#####..
#..........#
#..........####
#.............#
##..........##.#
............##.# #
#....)<@...##.##(#
#.....†.....o$...
#>.......o###.##
#..........o{.#
##..#########{##
#.# ......{oo.# #.
.#...#..#.# #
............
o.........##.#


You could see 2 orc priests and an orc wizard (invisible).

Vanquished Creatures
  An ooze (D:1)
  A leopard gecko (D:2)
  An orc (D:1)
  2 ball pythons (D:1)
  3 bats (D:1)
  A giant cockroach (D:2)
  2 goblins (D:1)
  3 hobgoblins (D:1)
  4 jackals (D:1)
  A frilled lizard (D:1)
  4 kobolds
  5 rats (D:1)
28 creatures vanquished.

Notes
Turn   | Place    | Note
-------+----------+-------------------------------------------
     0 | D:1      | Fascinator the Formicid Fighter began the quest for the
                  | Orb.
     0 | D:1      | Reached XP level 1. HP: 18/18 MP: 1/1
    49 | D:1      | Reached XP level 2. HP: 21/24 MP: 2/2
   315 | D:1      | Reached XP level 3. HP: 27/30 MP: 3/3
  1015 | D:2      | Killed from afar by an orc priest

Skill      XL: |  1  2  3 |
---------------+----------+-----
Fighting       | 4 |  4.0
Shields        | 4 |  4.0
Axes           | |  2.0
Armour         | |  3.6
Dodging        | |  0.5

Action                   || total
-------------------------++-------
Melee: War axe           ||    97
Armor: Scale mail        ||    34
Dodge: Dodged            ||    28
Block: Shield            ||    70
